 Dungeon Crawl Stone Soup version 0.23-a0-396-g5214e5f (webtiles) character file.

1026 galech the Chopper (level 8, -9/60 HPs)
             Began as a Demonspawn Fighter on Nov 2, 2018.
             Was a Follower of Okawaru.
             Mangled by an ice beast (12 damage)
             ... on level 4 of the Dungeon.
             The game lasted 00:06:58 (5745 turns).

galech the Chopper (Demonspawn Fighter)             Turns: 5745, Time: 00:06:59

Health: -9/60      AC: 15    Str: 18    XL:     8   Next: 2%
Magic:  7/8        EV:  4    Int:  9    God:    Okawaru [*.....]
Gold:   349        SH: 14    Dex: 14    Spells: 7/7 levels left

rFire    . . .     SeeInvis .   E - +3 hand axe
rCold    . . .     Gourm    .   c - +0 shield
rNeg     . . .     Faith    .   C - +0 plate armour
rPois    .         Spirit   .   y - +0 helmet
rElec    .         Reflect  .   G - +0 cloak
rCorr    .         Harm     .   x - +0 pair of gloves
MR       .....                  (no boots)
Stlth    ..........             e - amulet of the acrobat
HPRegen  0.20/turn              (no ring)
MPRegen  0.11/turn              (no ring)

@: no status effects
A: hooves 1, large bone plates 1
a: Heroism, Renounce Religion


You were on level 4 of the Dungeon.
You worshipped Okawaru.
Okawaru was aware of your devotion.
You were not hungry.

You visited 1 branch of the dungeon, and saw 6 of its levels.

You collected 349 gold pieces.

Inventory:

Hand Weapons
 a - a +0 war axe
 E - a +3 hand axe (weapon)
Armour
 c - a +0 shield (worn)
 x - a +0 pair of gloves (worn)
 y - a +0 helmet (worn)
 C - a +0 plate armour (worn)
 G - a +0 cloak (worn)
Jewellery
 e - an amulet of the acrobat (around neck)
Scrolls
 g - 2 scrolls of immolation
 h - 6 scrolls of teleportation
 l - 7 scrolls of magic mapping {unknown}
 n - 3 scrolls of noise
 o - 2 scrolls of enchant armour {unknown}
 p - 2 scrolls of random uselessness {unknown}
 q - 2 scrolls of amnesia {unknown}
 t - a scroll of enchant weapon {unknown}
 u - 6 scrolls of identify
 v - a scroll of fog {unknown}
 w - a scroll of fear {unknown}
 F - a scroll of torment {unknown}
Potions
 b - 3 potions of degeneration {unknown}
 d - a potion of might
 j - 3 potions of haste
 k - 3 potions of flight {unknown}
 m - 2 potions of lignification
 r - 2 potions of resistance
 s - a potion of heal wounds {unknown}
 z - a potion of curing {unknown}
 A - 2 potions of agility {unknown}
 B - a potion of mutation {unknown}
 D - a potion of cancellation {unknown}
Comestibles
 f - 10 rations
 i - a chunk of flesh


   Skills:
 + Level 4.0 Fighting
 + Level 6.2 Axes
 + Level 4.2 Armour
 + Level 1.2 Dodging
 + Level 0.1 Stealth
 + Level 4.7 Shields


You had 7 spell levels left.
You didn't know any spells.
Your spell library contained the following spells:

 Spells                   Type           Power        Failure   Level  Hunger
 Confusing Touch          Hex            #.....       100%        1    ##.....
 Spider Form              Tmut/Pois      #.........   100%        3    ####...
 Petrify                  Tmut/Erth      #.......     100%        4    #####..
 Discord                  Hex            #.........   100%        8    #######


Dungeon Overview and Level Annotations

Branches:
Dungeon (6/15)             Temple (0/1) D:4

Altars:
Dithmenos
Hepliaklqana
Nemelex Xobeh
Okawaru
Ru

Annotations:
D:4 1 transporter


Innate Abilities, Weirdness & Mutations

You have large cloven feet.
You are partially covered in large bone plates. (SH +4)


Message History

You hit the ice beast.
The ice beast is heavily wounded.
You hit the ice beast but do no damage. You block the ice beast's attack.
The ice beast hits you.
* * * LOW HITPOINT WARNING * * *
The ice beast freezes you!
* * * LOW HITPOINT WARNING * * *
You hit the ice beast.
The ice beast is severely wounded.
You hit the ice beast.
The ice beast hits you but does no damage. x2
Your shield and plate armour prevent you from hitting the ice beast.
You kick the ice beast, but do no damage.
The ice beast is severely wounded.
You completely miss the ice beast.
The ice beast hits you but does no damage.
The ice beast hits you.
* * * LOW HITPOINT WARNING * * *
The ice beast freezes you!
You die...

##.......# #.# .'..<....#
#.# ##.......# #.##
#....(..# #######..#
#.......#########§§§§§##.##
#.......##§§§§§§#§§§§§##..#
#####..###§§§§§§#§§§§§###.#
##...#§§#.#.Y§§.$%#...#
#..©#§§©..@§§§.?©#©..#
##..#§§#.#.Y§§.$?#..##
#..#§§§§§§#§§§§§####
####§§§§§§#§§§§§#
########.§§§§# #######


You could see 2 ice beasts.

Vanquished Creatures
  A hippogriff (D:5)
  An ice beast (D:4)
  A sky beast (D:6)
  A scorpion (D:4)
  A bullfrog zombie (D:5)
  3 hounds
  Crazy Yiuf (D:2)
  3 orc wizards
  An iguana (D:5)
  5 worker ants
  A hound zombie (D:5)
  A hound skeleton (D:5)
  A worker ant zombie (D:6)
  7 adders
  2 oozes
  An adder zombie (D:6)
  2 adder skeletons
  4 worms
  3 leopard geckos
  23 orcs
  3 giant cockroaches
  6 goblins
  6 hobgoblins
  9 jackals
  10 kobolds
  5 quokkas
  6 bats
  2 frilled lizards
  A quokka skeleton (D:5)
  A quokka zombie (D:6)
  4 rats
116 creatures vanquished.

Vanquished Creatures (others)
  9 toadstools (D:6)
9 creatures vanquished.

Grand Total: 125 creatures vanquished

Notes
Turn   | Place    | Note
-------+----------+-------------------------------------------
     0 | D:1      | galech the Demonspawn Fighter began the quest for the Orb.
     0 | D:1      | Reached XP level 1. HP: 18/18 MP: 1/1
   173 | D:1      | Reached skill level 2 in Axes
   175 | D:1      | Gained mutation: You are partially covered in large bone
                  | plates. (SH +4) [demonic ancestry]
   175 | D:1      | Reached XP level 2. HP: 14/24 MP: 2/2
  1021 | D:2      | Reached XP level 3. HP: 20/29 MP: 3/3
  1261 | D:2      | Found an iron altar of Okawaru.
  1267 | D:2      | Became a worshipper of Warmaster Okawaru
  1592 | D:2      | Found a runed door.
  1973 | D:3      | Found a hazy altar of Hepliaklqana.
  1976 | D:3      | Reached skill level 3 in Axes
  1986 | D:3      | Reached skill level 1 in Dodging
  1986 | D:3      | Reached XP level 4. HP: 20/35 MP: 4/4
  3194 | D:4      | Found a transporter.
  3243 | D:4      | Gained mutation: You have large cloven feet. [demonic
                  | ancestry]
  3243 | D:4      | Reached XP level 5. HP: 37/41 MP: 5/5
  3253 | D:4      | Reached skill level 4 in Axes
  3637 | D:4      | Found a sacrificial altar of Ru.
  3653 | D:4      | Found a sparkling altar of Nemelex Xobeh.
  3756 | D:4      | Found a staircase to the Ecumenical Temple.
  3880 | D:4      | Reached XP level 6. HP: 26/47 MP: 6/6
  4191 | D:4      | Found a transporter.
  4192 | D:4      | Noticed an ice beast
  4192 | D:4      | Noticed an ice beast
  4193 | D:4      | Noticed an ice beast
  4228 | D:5      | Entered Level 5 of the Dungeon
  4260 | D:5      | Noticed a hippogriff
  4280 | D:5      | Killed a hippogriff
  4280 | D:5      | Reached * piety under Okawaru
  4638 | D:5      | Reached skill level 5 in Axes
  4638 | D:5      | Reached XP level 7. HP: 52/53 MP: 7/7
  5056 | D:6      | Identified the Incunabulum of Changing and Malediction
  5129 | D:6      | Found a shadowy altar of Dithmenos.
  5142 | D:6      | Reached skill level 6 in Axes
  5638 | D:2      | Noticed Crazy Yiuf
  5644 | D:2      | Killed Crazy Yiuf
  5742 | D:4      | Reached XP level 8. HP: 29/60 MP: 6/8
  5745 | D:4      | HP: 3/60 [ice beast (4)]
  5745 | D:4      | Mangled by an ice beast

Vault maps used:
D:1:      elethiomel_arrival_infinity_welcomes_careful_drivers
D:2:      lemuel_round_altar, first_ration, hangedman_decor_opposing,
          bh_walls_and_bars, uniq_crazy_yiuf_cottage
D:3:      overflow_temple_1_default, minmay_joined_circles
D:4:      gammafunk_cloud_chamber, lemuel_crystal_altar,
          minmay_temple_entry_hall, nemelex_dance_club_becter
D:6:      cheibrodos_fertilizer, ebering_ghost_xom, minmay_curled_crystal,
          nicolae_dithmenos_the_darkroom

Skill      XL: |  1  2  3  4  5  6  7 |
---------------+----------------------+-----
Axes           | 2 3 4 5 6 |  6.2
Armour         | 3 4 |  4.2
Dodging        | 1 |  1.2
Shields        | 3 4 |  4.7
Fighting       | 4 |  4.0
Stealth        | |  0.1

Action                   |  1- 3 |  4- 6 |  7- 9 || total
-------------------------+-------+-------+-------++-------
Melee: War axe           |   149 |   118 |       ||   267
       Kick              |       |    36 |    33 ||    69
       Hand axe          |       |    66 |   143 ||   209
Invok: Heroism           |       |       |     1 ||     1
  Use: Scroll            |       |     5 |     1 ||     6
       Potion            |       |     2 |       ||     2
  Eat: Chunk             |     4 |     8 |     4 ||    16
Armor: Scale mail        |    61 |     2 |       ||    63
       Plate armour      |       |    98 |    72 ||   170
Dodge: Dodged            |    53 |    37 |    13 ||   103
Block: Shield            |   128 |   142 |    90 ||   360

Table legend:
 A = Non-vault XP
 B = Vault XP
 C = Vault XP percentage of total XP
 D = Non-vault monster count
 E = Vault monster count
 F = Vault count percentage of total count
                 A         B        C        D         E       F
            +---------+---------+-------+---------+---------+-------
      Total |    1264 |     202 |  13.8 |     105 |      11 |   9.5
            +---------+---------+-------+---------+---------+-------
        D:1 |      21 |       0 |   0.0 |      12 |       0 |   0.0
        D:2 |      55 |      40 |  42.1 |      21 |       1 |   4.5
        D:3 |      57 |      19 |  25.0 |      17 |       7 |  29.2
        D:4 |     272 |     143 |  34.5 |      18 |       3 |  14.3
        D:5 |     489 |       0 |   0.0 |      19 |       0 |   0.0
        D:6 |     370 |       0 |   0.0 |      18 |       0 |   0.0
            +---------+---------+-------+---------+---------+-------
